 Dungeon Crawl Stone Soup version 0.29.1-13-g9f3cf754e1 (webtiles) character file.

Game seed: 14606885244445048893

1947 Exodus22XD the Poker (level 8, -3/60 HPs)
             Began as a Demonspawn Gladiator on Feb 3, 2023.
             Was a Believer of Uskayaw.
             Slain by an orc warrior
             ... wielding a +0 battleaxe
              (7 damage)
             ... on level 7 of the Dungeon.
             The game lasted 00:06:43 (6436 turns).

Exodus22XD the Poker (Demonspawn Gladiator)         Turns: 6436, Time: 00:06:44

Health: -3/60      AC:  8    Str: 16    XL:     8   Next: 98%
Magic:  8/8        EV: 13    Int: 11    God:    Uskayaw [**....]
Gold:   356        SH:  0    Dex: 14    Spells: 7/7 levels left

rFire   + . .      SeeInvis +   a - +0 trident
rCold   + . .      Faith    .   (no shield)
rNeg    . . .      Spirit   .   p - +1 leather armour of Tempters {rPois SInv}
rPois   +          Reflect  .   c - +0 helmet
rElec   .          Harm     .   l - scarf {rC+ rF+}
rCorr   .          Rampage  .   (no gloves)
Will    .....                   (no boots)
Stlth   ++........              (no amulet)
HPRegen 0.20/turn               (no ring)
MPRegen 0.11/turn               (no ring)

@: no status effects
A: molten scales 2, ignite blood 1, demonic magic 1, demonic touch 1
a: Renounce Religion, Stomp, Line Pass


You were on level 7 of the Dungeon.
You worshipped Uskayaw.
Uskayaw was noncommittal.
You visited 2 branches of the dungeon, and saw 8 of its levels.

You collected 356 gold pieces.

Inventory:

Hand Weapons
 a - a +0 trident (weapon)
Missiles
 d - 3 throwing nets (quivered)
 e - 9 javelins
Armour
 c - a +0 helmet (worn)
 l - a scarf of resistance (worn)
 p - the +1 leather armour of Tempters (worn) {rPois SInv}
   (You found it on level 2 of the Dungeon)

   rPois:     It protects you from poison.
   SInv:      It lets you see invisible.
 z - a +0 cloak
 C - a +2 scale mail
 D - a scarf of invisibility
Jewellery
 r - a ring of fire
Wands
 t - a wand of charming (11)
Scrolls
 b - 4 scrolls of teleportation
 g - a scroll of acquirement {unknown}
 i - 2 scrolls of noise {unknown}
 k - 3 scrolls of enchant weapon
 v - 2 scrolls of immolation
 x - a scroll of magic mapping {unknown}
 y - a scroll of amnesia {unknown}
 B - a scroll of torment {unknown}
 F - a scroll of enchant armour {unknown}
 H - a scroll of vulnerability {unknown}
Potions
 f - 5 potions of heal wounds
 h - 2 potions of magic {unknown}
 j - 5 potions of might
 m - 2 potions of attraction {unknown}
 o - 4 potions of curing
 q - a potion of lignification {unknown}
 s - 2 potions of resistance {unknown}
 u - a potion of ambrosia {unknown}
 w - a potion of invisibility {unknown}
 A - 2 potions of brilliance {unknown}
 E - a potion of mutation {unknown}
 G - a potion of degeneration {unknown}


   Skills:
 + Level 4.3 Fighting
 + Level 7.5 Polearms
 - Level 1.7 Throwing
 * Level 4.8 Armour
 + Level 4.7 Dodging
 + Level 3.1 Stealth
 * Level 1.0 Invocations


You had 7 spell levels left.
You didn't know any spells.
Your spell library was empty.

Dungeon Overview and Level Annotations

Branches:
Dungeon (7/15)             Temple (1/1) D:6

Altars:
Cheibriados
Dithmenos
Fedhas
Gozag
Hepliaklqana
Kikubaaqudgha
Nemelex Xobeh
Qazlal
Sif Muna
Trog
Uskayaw
Vehumet
Xom

Shops:
D:3 (


Innate Abilities, Weirdness & Mutations

You are mostly covered in molten scales. (AC +3)
Your demonic aura sometimes causes spilled blood to erupt in flames.
Spells you cast may paralyse adjacent enemies.
Your touch may inflict minor irresistible damage on your foes.


Message History

The orc wizard shouts!
Your touch misses the orc priest.
The orc priest hits you but does no damage.
The orc warrior closely misses you.
The orc wizard gestures wildly while chanting.
The orc wizard flickers and vanishes for a moment.
You hit the orc priest but do no damage.
You touch the orc priest!
The orc priest is severely wounded.
You hit the orc priest but do no damage.
Your touch misses the orc priest.
The orc priest is severely wounded.
The orc priest invokes the aid of Beogh against you.
Pain shoots through your body!
The orc warrior hits you with a +0 battleaxe!
You puncture the orc priest!
You kill the orc priest!
You can now pass through a line of other dancers.
Your Invocations skill increases to level 1!
You barely miss the orc warrior.
The orc wizard points at you and mumbles some strange words.
The magic dart hits you.
The orc warrior hits you with a +0 battleaxe!
You hit the orc warrior but do no damage.
You touch the orc warrior!
The orc warrior is moderately wounded.
The orc warrior hits you with a +0 battleaxe!
* * * LOW HITPOINT WARNING * * *
The orc wizard gestures at you while chanting.
The magic dart hits you!
* * * LOW HITPOINT WARNING * * *
Okay, then.
You hit the orc warrior but do no damage.
The orc warrior is moderately wounded.
The orc warrior closely misses you.
You hit the orc warrior but do no damage.
The orc warrior is moderately wounded.
A jelly comes into view.
The orc warrior hits you with a +0 battleaxe!
You die...

............#
.............#
..............#
.............##
.............#
............##
............#
............#
........@..##
......).o..#
......o.°.##
.........##
.......###
......# .J...#
....# ....


You could see an orc warrior, a jelly (wandering) and an orc wizard (invisible).

Vanquished Creatures
  Menkaure (D:4)
  A water moccasin (D:7)
  A hornet zombie (D:6)
  A sky beast (D:6)
  A black bear (D:5)
  An ogre (D:6)
  2 kobold brigands (D:6)
  A bullfrog (D:6)
  2 necrophages (D:6)
  3 scorpions
  4 wights (D:6)
  A howler monkey (D:6)
  2 bullfrog zombies (D:6)
  2 jellies
  A human zombie (D:6)
  2 hounds
  4 orc priests
  An iguana (D:4)
  2 orc wizards
  A killer bee zombie (D:6)
  A mummy (D:6)
  4 adders
  4 gnolls (D:5)
  An ufetubus (D:6)
  3 worms
  The ghost of Rider the Sneak, a weakling GrDe (D:5)
  A dart slug (D:1)
  12 orcs
  3 ball pythons
  4 endoplasms
  4 giant cockroaches
  8 jackals
  3 quokkas
  4 bats
  4 goblins
  13 kobolds
  7 rats
111 creatures vanquished.

Notes
Turn   | Place    | Note
-------+----------+-------------------------------------------
     0 | D:1      | Exodus22XD the Demonspawn Gladiator began the quest for the
                  | Orb.
     0 | D:1      | Reached XP level 1. HP: 16/16 MP: 1/1
   432 | D:1      | Gained mutation: You are partially covered in molten
                  | scales. (AC +2) [demonic ancestry]
   432 | D:1      | Reached XP level 2. HP: 20/22 MP: 2/2
   766 | D:2      | Identified the +1 leather armour of Tempters {rPois SInv}
   817 | D:2      | Reached skill level 3 in Polearms
  1299 | D:3      | Gained mutation: Spells you cast may paralyse adjacent
                  | enemies. [demonic ancestry]
  1299 | D:3      | Reached XP level 3. HP: 24/27 MP: 3/3
  1305 | D:3      | Reached skill level 1 in Armour
  1312 | D:3      | Gained mutation: Your touch may inflict minor irresistible
                  | damage on your foes. [demonic ancestry]
  1312 | D:3      | Reached XP level 4. HP: 13/33 MP: 4/4
  1702 | D:3      | Found Odunn's Antique Weapon Boutique.
  2049 | D:3      | Found a faded altar of an unknown god.
  2050 | D:3      | Noticed a golden eye
  2053 | D:3      | Noticed a great orb of eyes
  2053 | D:3      | Noticed a golden eye
  2053 | D:3      | Noticed an eye of devastation
  2078 | D:3      | Found a shimmering blue altar of Sif Muna.
  2602 | D:4      | Found an opulent altar of Gozag.
  2856 | D:4      | Reached skill level 4 in Polearms
  2873 | D:4      | Reached XP level 5. HP: 28/38 MP: 5/5
  3227 | D:4      | Noticed Menkaure
  3237 | D:4      | Killed Menkaure
  3238 | D:4      | Reached skill level 1 in Stealth
  3238 | D:4      | Gained mutation: Your demonic aura sometimes causes spilled
                  | blood to erupt in flames. [demonic ancestry]
  3238 | D:4      | Reached XP level 6. HP: 12/46 MP: 6/6
  3543 | D:4      | Found a hazy altar of Hepliaklqana.
  3729 | D:5      | Entered Level 5 of the Dungeon
  3928 | D:5      | Reached skill level 5 in Polearms
  4119 | D:5      | Gained mutation: You are mostly covered in molten scales.
                  | (AC +3) [demonic ancestry]
  4119 | D:5      | Reached XP level 7. HP: 50/52 MP: 7/7
  4628 | D:5      | Found a runed translucent gate.
  4628 | D:5      | Found a runed translucent gate.
  4629 | D:5      | Found a runed translucent gate.
  4631 | D:5      | Noticed Rider's ghost (weakling GrDe)
  4781 | D:5      | Killed Rider's ghost
  5026 | D:6      | Reached skill level 6 in Polearms
  5072 | D:6      | Found an ancient bone altar of Kikubaaqudgha.
  5128 | D:6      | Reached XP level 8. HP: 35/58 MP: 8/8
  5629 | D:6      | Reached skill level 7 in Polearms
  5962 | D:6      | Found a sparkling altar of Nemelex Xobeh.
  6006 | D:6      | Found a staircase to the Ecumenical Temple.
  6012 | Temple   | Entered the Ecumenical Temple
  6064 | Temple   | Became a worshipper of Uskayaw the Reveller
  6253 | D:7      | Reached * piety under Uskayaw
  6334 | D:7      | Reached ** piety under Uskayaw
  6432 | D:7      | Reached skill level 1 in Invocations
  6436 | D:7      | Slain by an orc warrior

Illustrated notes

Levels and vault maps discovered:
D:1:      evilmike_arrival_grusome_pit, layout_basic
D:2:      layout_basic
D:3:      layout_basic, nicolae_sif_muna_condensation, serial_shops, shop,
          hellmonk_ecumenical_altar_watching_god
D:4:      layout_gridville, mainiacjoe_overflow_surrounded_room,
          overflow_temple_1_default, eino_small_chamber_without_monster,
          uniq_menkaure
D:5:      layout_basic, tso_altar, biasface_ghost_orc_armoury
D:6:      layout_cave_pools, kennysheep_mini_moat, lemuel_tele_altar,
          lemuel_mausoleum_altar_kikubaaqudgha, minmay_temple_entry_fiery
D:7:      layout_layer_cave
Temple:   kb_temple_of_zot

Skill      XL: |  1  2  3  4  5  6  7  8 |
---------------+-------------------------+-----
Dodging        | 3 4 |  4.7
Polearms       | 3 4 5 6 7 |  7.5
Armour         | 1 2 3 4 |  4.8
Stealth        | 1 2 3 |  3.1
Fighting       | 3 4 |  4.3
Invocations    | 1 |  1.0
Throwing       | |  1.7

Action                   |  1- 3 |  4- 6 |  7- 9 || total
-------------------------+-------+-------+-------++-------
Melee: Trident           |    71 |   118 |   203 ||   392
       Touch             |       |    15 |    36 ||    51
       Punch             |       |     1 |     6 ||     7
  Use: Scroll            |       |       |     6 ||     6
 Stab: Sleeping          |       |     2 |     7 ||     9
Armor: Leather armour    |    26 |    29 |    42 ||    97
Dodge: Dodged            |    45 |    48 |   105 ||   198
